 Dungeon Crawl Stone Soup version 0.18-a0-739-gdae9da8 (console) character file.

179 bli the Conjurer (level 5, -14/28 HPs)
             Began as a Gargoyle Conjurer on Dec 10, 2015.
             Demolished by an ogre
             ... wielding a +0 giant club
              (26 damage)
             ... on level 4 of the Dungeon.
             The game lasted 00:11:21 (3270 turns).

bli the Conjurer (Gargoyle Conjurer)                Turns: 3270, Time: 00:11:21

Health: -14/28     AC:  6    Str: 11    XL:     5   Next: 59%
Magic:  7/10       EV: 12    Int: 17    God:
Gold:   109        SH:  0    Dex: 10    Spells: 2 memorised, 8 levels left

rFire  . . .     SeeInvis .     c - +0 club
rCold  . . .     Clarity  .     p - +0 robe
rNeg   + . .     SustAt   .     (no shield)
rPois  ∞         Gourm    .     (no helmet)
rElec  +         Spirit   .     (no cloak)
rCorr  +         Dismiss  .     (no gloves)
rMut   .         Stasis   .     (no boots)
MR     .....                    o - amulet of resist corrosion
Stlth  ++........               (no ring)
                                (no ring)

@: very slightly contaminated, not resistant to hostile enchantments, unstealthy
A: negative energy resistance 1, electricity resistance, unbreathing,
petrification resistance, rot immunity, AC +4
a: no special abilities


You were on level 4 of the Dungeon.
You were not hungry.

You visited 1 branch of the dungeon, and saw 4 of its levels.

You collected 109 gold pieces.

Inventory:

Hand Weapons
 a - a +0 flail
 b - a +0 mace
 c - a +0 club (weapon)
Missiles
 g - 104 stones (quivered)
Armour
 j - a +0 large shield
 p - a +0 robe (worn)
Jewellery
 o - an amulet of resist corrosion (around neck)
Scrolls
 f - 3 scrolls of remove curse {unknown}
 h - a scroll of enchant armour {unknown}
 i - 2 scrolls of random uselessness {unknown}
 k - 4 scrolls of amnesia {unknown}
 n - a scroll of identify {unknown}
 q - a scroll of enchant weapon {unknown}
 v - a scroll of teleportation {unknown}
 w - a scroll of magic mapping {unknown}
Potions
 d - 3 potions of heal wounds {unknown}
 e - a potion of cure mutation {unknown}
 m - 2 potions of curing {unknown}
 r - a potion of haste {unknown}
 t - a potion of agility {unknown}
Books
 l - a book of Conjurations

   Spells                             Type                      Level
   a - Magic Dart                     Conjuration                  1
   b - Searing Ray                    Conjuration                  2
   c - Dazzling Spray                 Conjuration/Hexes            3
   d - Fulminant Prism                Conjuration/Hexes            4
   e - Iskenderun's Mystic Blast      Conjuration                  4
   f - Iskenderun's Battlesphere      Conjuration/Charms           5
Comestibles
 s - a meat ration
 u - a bread ration


   Skills:
 + Level 0.4 Fighting
 - Level 1.5 Dodging
 + Level 2.6 Stealth
 * Level 1.0 Shields
 * Level 3.5 Spellcasting
 + Level 5.9 Conjurations


You had 8 spell levels left.
You knew the following spells:

 Your Spells              Type           Power        Failure   Level  Hunger
a - Magic Dart            Conj           ###.         1%          1    None
r - Searing Ray           Conj           ###...       2%          2    ##.....


Dungeon Overview and Level Annotations

Branches:
Dungeon (4/15)
 Temple: D:4-7

Altars:


Innate Abilities, Weirdness & Mutations

You are resistant to torment.
Your stone body is resilient (AC +4).
You are immune to poison.
You resist negative energy.
You are resistant to electric shocks.
You can survive without breathing.
You are immune to petrification.
You are immune to rotting.


Message History

You are very lightly contaminated with residual magic.
The air around you crackles with energy!
That item cannot be evoked!
The ogre misses you.
You open the door. The ogre hits you with a giant club!
There is an open door here.
You see here a sapphire potion.
r - a sapphire potion The ogre hits you with a giant club.
Casting: Searing Ray
Confirm with . or Enter, or press ? or * to list all spells.
Aiming: Searing Ray
Press: ? - help, Shift-Dir - straight line, f/p - ogre
Aim: an ogre, wielding a giant club The searing ray hits the ogre.
The ogre is moderately wounded.
The ogre hits you with a giant club!!
Ouch! That really hurt!
You die...

###########..
##............
#....#........
#....#........
#....#........
#.@..#........
+..O.'.......<
####'#........
#.............
#.....#########
#.....#.......#
#.....#.......#
#.....#.......#
#.....'.......#
#.....#.......#
#.....#.......#


You could see an ogre.

Vanquished Creatures
  A worker ant (D:3)
  The ghost of cluie the Insei, a weakling DsTm (D:3)
  3 adders (D:3)
  A gnoll (D:1)
  2 oozes
  3 worms
  5 giant geckos
  9 orcs (D:3)
  2 ball pythons
  11 bats
  4 giant cockroaches
  13 goblins
  4 hobgoblins
  2 jackals (D:1)
  A quokka (D:3)
  3 giant newts
  8 kobolds
  10 rats
83 creatures vanquished.

Notes
Turn   | Place    | Note
--------------------------------------------------------------
     0 | D:1      | bli the Gargoyle Conjurer began the quest for the Orb.
     0 | D:1      | Reached XP level 1. HP: 10/10 MP: 3/3
   187 | D:1      | Reached XP level 2. HP: 15/15 MP: 1/5
   285 | D:1      | Reached skill level 5 in Conjurations
   341 | D:1      | Learned a level 2 spell: Searing Ray
   519 | D:1      | Reached XP level 3. HP: 19/19 MP: 1/6
  1639 | D:2      | Reached XP level 4. HP: 22/24 MP: 2/7
  2143 | D:3      | Noticed cluie's ghost (weakling DsTm)
  2150 | D:3      | Killed cluie's ghost
  2502 | D:3      | Reached XP level 5. HP: 28/28 MP: 4/9
  2937 | D:3      | Reached skill level 1 in Shields
  3259 | D:4      | Noticed an ogre
  3270 | D:4      | Demolished by an ogre

Vault maps used:
D:1:      tarquinn_simple_flora_water_b
D:3:      nicolae_underground_beach
D:4:      first_bread, uniq_grinder

Action                   |  1- 3 |  4- 6 || total
-------------------------+-------+-------++-------
Melee: Unarmed           |    47 |     2 ||    49
       Club              |       |    15 ||    15
 Cast: Magic Dart        |    84 |    75 ||   159
       Searing Ray       |     3 |     7 ||    10
  Eat: Chunk             |     3 |     6 ||     9
